 Dungeon Crawl Stone Soup version 0.31-a0-117-g42d8f58691 (webtiles) character file.

Game seed: 14535551610574694827

1262 MackTheKnife the Slicer (level 8, -1/44 HPs)
             Began as a Vine Stalker Berserker on May 30, 2023.
             Was a Believer of Trog.
             Slain by a wyvern (12 damage)
             ... on level 8 of the Dungeon.
             The game lasted 00:05:14 (1202 turns).

MackTheKnife the Slicer (Vine Stalker Berserker)    Turns: 1202, Time: 00:05:15

Health: -1/44      AC:  5    Str: 20    XL:     8   Next: 52%
Magic:  0/9        EV: 11    Int:  7    God:    Trog [**....]
Gold:   15         SH:  0    Dex: 16    Spells: 7/7 levels left

rFire   . . .        b - +3 short sword {short}
rCold   . . .        (no shield)
rNeg    . . .        m - +0 ring mail
rPois   .            (no helmet)
rElec   .            (no cloak)
rCorr   .            (no gloves)
SInv    +            (no boots)
Will    +++..        (no amulet)
Stlth   +            j - ring of see invisible
HPRegen 2.07/turn    (no ring)
MPRegen 0.11/turn

%: guardian spirit
@: strong-willed, regenerating
A: fangs 3, regeneration 1, magic shield, antimagic bite, no potion heal 2
a: Renounce Religion, Berserk, Trog's Hand


You were on level 8 of the Dungeon.
You worshipped Trog.
Trog was pleased with you.
You visited 1 branch of the dungeon, and saw 8 of its levels.

You collected 15 gold pieces.


Innate Abilities, Weirdness & Mutations

You have razor-sharp teeth.
Your natural rate of healing is unusually fast.
When hurt, damage is shared between your health and your magic reserves.
Your bite disrupts and absorbs the magic of your enemies.
Potions cannot restore your health.


   Skills:
 + Level 6.0 Fighting
 - Level 8.0 Short Blades
 - Level 1.5 Armour
 - Level 1.5 Dodging


You had 7 spell levels left.
You didn't know any spells.
Your spell library was empty.

Inventory:

Hand Weapons
 b - a +3 short sword (weapon) {short}
   (You took it off a wight on level 6 of the Dungeon)
 k - a +0 flail of protection {mace}
   (You took it off an orc on level 3 of the Dungeon)
Missiles
 a - 2 poisoned darts {throwing}
 h - 2 throwing nets (quivered) {=f!fthrowing}
Armour
 m - a +0 ring mail (worn)
   (You found it on level 5 of the Dungeon)
Jewellery
 j - a ring of see invisible (left hand)
   (You found it on level 3 of the Dungeon)
Scrolls
 c - a scroll of fear {unknown}
 d - a scroll of vulnerability {unknown}
 f - a scroll of enchant armour {unknown}
 g - a scroll of identify {unknown}
Potions
 e - a potion of haste {unknown}
 i - a potion of cancellation {unknown}
 l - a potion of brilliance {unknown}

Dungeon Overview and Level Annotations

Branches:
Dungeon (8/15) Zot: 26827
 Temple: D:4-7         Lair: D:8-11

Altars:
Ashenzari
Sif Muna
The Shining One

......#.# .#
......#.###.###
.#.#.............#
.....#....$......# ########
.................# #......#
.......#.........# #.####.#
.....$.....#########.# #.#
.......###l# #.)..<# #.#
.......###@#####)###.####.#
............††.............
........##.################
...#..#.##.# # #..#.##.# #.
#.##.# .. #..... l. #.....
... ......


You could see a wyvern.


Message History

The water moccasin bites you!
* * * LOW HITPOINT WARNING * * *
😱 HP[-9] MP[-3]
You take 9 damage, and now have 10/44 hp.
MASSIVE DAMAGE!! (PAUSE)
You lost 3 mp, and now have 4/9 mp.
You hit the water moccasin.
You kill the water moccasin!
Trog accepts your kill.
* * * LOW HITPOINT WARNING * * *
You feel very sick.
Your Fighting skill increases to level 6! 😱 HP[-4]
You take 4 damage, and now have 6/44 hp.
Unknown command.
* * * LOW HITPOINT WARNING * * *
You feel very sick. 😱 HP[-4]
You take 4 damage, and now have 2/44 hp.
Okay, then.
Your skin crawls.
You feel strong-willed.
* * * LOW HITPOINT WARNING * * *
You feel very sick.
Unknown command.
Unknown command.
You feel the effects of Trog's Hand fading.
You feel very sick.
You feel sick. 😱 HP[+1]
You feel sick. 😱 HP[+2] MP[+1]
You regained 2 hp, and now have 5/44 hp.
You feel sick. 😱 HP[+1]
Your skin stops crawling.
You feel less strong-willed.
You feel sick.
You are no longer poisoned. 😱 HP[+1] 😱 HP[+1]
Things that are here:
a wyvern corpse; a water moccasin corpse 😱 HP[+2]
You regained 2 hp, and now have 10/44 hp. 😱 HP[+1] 😨 HP[+2] MP[+1]
You regained 2 hp, and now have 13/44 hp.
You feel yourself speed up. 😨 HP[+2]
You regained 2 hp, and now have 15/44 hp.
Things that are here:
a wyvern corpse; a water moccasin corpse 😨 HP[+1]
You see here a water moccasin corpse. 😨 HP[+1] 😨 HP[+1]
A wyvern comes into view.
The wyvern hisses angrily.
You see here a wyvern corpse. 😨 HP[+1] 😨 HP[+1] 😨 HP[+1]
The wyvern misses you. 😨 HP[+1] MP[+1]
The wyvern attacks as you move away! The wyvern barely misses you.
You see here a wyvern corpse. 😮 HP[+1]
You hit the wyvern. Your bite misses the wyvern. The wyvern bites you.
* * * LOW HITPOINT WARNING * * *
😨 HP[-2] MP[-1]
You take 2 damage, and now have 21/44 hp.
You lost 1 mp, and now have 6/9 mp.
You hit the wyvern. The wyvern bites you!
* * * LOW HITPOINT WARNING * * *
😱 HP[-11] MP[-3]
You take 11 damage, and now have 10/44 hp.
MASSIVE DAMAGE!! (PAUSE)
You lost 3 mp, and now have 3/9 mp.
You're still recovering from your berserk rage.
You hit the wyvern.
The wyvern completely misses you. 😱 HP[+1]
You barely miss the wyvern. Your bite misses the wyvern. The wyvern bites you!
* * * LOW HITPOINT WARNING * * *
😱 HP[-4] MP[-2]
You take 4 damage, and now have 7/44 hp.
You lost 2 mp, and now have 1/9 mp.
You're still recovering from your berserk rage.
You barely miss the wyvern. Your bite misses the wyvern.
The wyvern closely misses you.
Your skin crawls.
You feel strong-willed. The wyvern barely misses you. 😱 HP[+2]
You regained 2 hp, and now have 9/44 hp.
Unknown command.
You barely miss the wyvern. You bite the wyvern. You drain its power.
You feel invigorated.
You recover from your berserk rage.
The wyvern bites you!
You die...

Skill      XL: |  1  2  3  4  5  6  7  8 |
---------------+-------------------------+-----
Short Blades   | 3 4 5 6 7 8 |  8.0
Fighting       | 4 6 |  6.0
Armour         | |  1.5
Dodging        | |  1.5

Action                     |  1- 3 |  4- 6 |  7- 9 || total
---------------------------+-------+-------+-------++-------
  Melee: Short sword       |    44 |   148 |    50 ||   242
         Bite              |    12 |    37 |    11 ||    60
         Punch             |     1 |     3 |       ||     4
  Throw: Throwing net      |       |     1 |       ||     1
 Invoke: Berserk           |       |     5 |     1 ||     6
         Trog's Hand       |       |       |     2 ||     2
   Stab: Sleeping          |     1 |       |       ||     1
         Held in net/web   |       |     1 |       ||     1
 Armour: Animal skin       |     6 |    23 |       ||    29
         Ring mail         |       |     2 |     4 ||     6
  Dodge: Dodged            |    24 |    86 |    22 ||   132

Levels and vault maps discovered:
D:1:      beargit_arrival_diablo_church, layout_basic,
          ebering_ecumenical_altar_mist, nicolae_grassy_gnolls
D:2:      layout_loops_cross, basic_altar, uniq_jessica
D:3:      layout_basic, mainiacjoe_overflow_catwalk,
          nicolae_overflow_hidden_temple, minmay_tree_intersection,
          kennysheep_another_room
D:4:      layout_loops_ring, serial_forest, infiniplex_forest_clump_medium,
          infiniplex_forest_straight_3, infiniplex_forest_straight_2,
          infiniplex_forest_lined_room_, infiniplex_forest_lined_room_,
          infiniplex_forest_clump_curved, infiniplex_forest_clump_diagonal
D:5:      layout_basic, temple_green, uniq_sigmund
D:6:      layout_cave_pools, chequers_temple_overflow_minitemple,
          minmay_a_box_with_orc_wizards_in_it, uniq_duvessa
D:7:      layout_basic, serial_shops, shop
D:8:      layout_basic, mainiacjoe_overflow_cross_hatched, fedhas_altar_3,
          minmay_lair_entry_grove

Notes
Turn   | Place    | Note
-------+----------+-------------------------------------------
     0 | D:1      | MackTheKnife the Vine Stalker Berserker began the quest for
                  | the Orb.
     0 | D:1      | Reached XP level 1. HP: 11/11 MP: 2/2
     0 | D:1      | magus.rc [v1.9.6]
    72 | D:2      | Noticed Jessica
    82 | D:2      | Killed Jessica
    83 | D:2      | Reached skill level 3 in Short Blades
    83 | D:2      | Reached XP level 2. HP: 8/16 MP: 1/3
    83 | D:2      | Reached XP level 3. HP: 10/19 MP: 1/4
   153 | D:2      | Reached skill level 4 in Short Blades
   161 | D:2      | Found a glowing golden altar of the Shining One.
   243 | D:3      | Gained mutation: Your natural rate of healing is unusually
                  | fast. [Vine Stalker growth]
   243 | D:3      | Reached XP level 4. HP: 22/23 MP: 3/5
   250 | D:3      | Found a shimmering blue altar of Sif Muna.
   261 | D:3      | Found a broken altar of Ashenzari.
   299 | D:3      | Reached skill level 5 in Short Blades
   329 | D:3      | Reached XP level 5. HP: 27/27 MP: 6/6
   404 | D:3      | HP: 9/40 [acid (8)]
   432 | D:3      | Reached ** piety under Trog
   735 | D:5      | Entered Level 5 of the Dungeon
   782 | D:5      | Reached skill level 6 in Short Blades
   782 | D:5      | Reached XP level 6. HP: 32/32 MP: 7/7
   810 | D:5      | Noticed a black bear
   831 | D:5      | Killed a black bear
  1057 | D:8      | Noticed a yak
  1082 | D:8      | Reached skill level 7 in Short Blades
  1082 | D:8      | Reached XP level 7. HP: 35/35 MP: 4/8
  1088 | D:8      | Killed a yak
  1094 | D:8      | Noticed a wyvern
  1103 | D:8      | Killed a wyvern
  1103 | D:8      | Noticed a wyvern
  1104 | D:8      | Reached skill level 8 in Short Blades
  1104 | D:8      | Reached skill level 3 in Fighting
  1132 | D:8      | Noticed a wyvern
  1144 | D:8      | Reached skill level 4 in Fighting
  1144 | D:8      | Gained mutation: You have razor-sharp teeth. [Vine Stalker
                  | growth]
  1144 | D:8      | Reached XP level 8. HP: 42/42 MP: 9/9
  1147 | D:8      | Killed a wyvern
  1150 | D:8      | Killed a wyvern
  1151 | D:8      | Reached skill level 5 in Fighting
  1174 | D:8      | HP: 10/44 [water moccasin (5)]
  1176 | D:8      | Reached skill level 6 in Fighting
  1176 | D:8      | HP: 2/44 [poisoned by a water moccasin]
  1181 | D:8      | HP: 6/44 [poisoned by a water moccasin]
  1191 | D:8      | Noticed a wyvern
  1197 | D:8      | HP: 10/44 [wyvern (11)]
  1202 | D:8      | Slain by a wyvern

Vanquished Creatures
  A yak (D:8)
  3 wyverns (D:8)
  2 water moccasins (D:8)
  A black bear (D:5)
  A wight (D:6)
  A jelly (D:3)
  3 orc priests
  Jessica (D:2)
  An iguana (D:5)
  An orc wizard (D:8)
  4 gnolls (D:3)
  5 adders
  A shadow imp (D:7)
  2 worms (D:3)
  A dart slug (D:1)
  10 orcs
  A ball python (D:2)
  An endoplasm (D:2)
  A goblin (D:3)
  4 hobgoblins
  A kobold (D:3)
  A quokka (D:4)
  4 bats (D:3)
  A rat (D:3)
52 creatures vanquished.

Table legend:
 A = Non-vault XP
 B = Vault XP
 C = Vault XP percentage of total XP
 D = Non-vault monster count
 E = Vault monster count
 F = Vault count percentage of total count
                 A         B        C        D         E       F
            +---------+---------+-------+---------+---------+-------
      Total |     860 |     944 |  52.3 |      46 |       6 |  11.5
            +---------+---------+-------+---------+---------+-------
        D:1 |       4 |       0 |   0.0 |       1 |       0 |   0.0
        D:2 |      31 |      37 |  54.4 |       4 |       1 |  20.0
        D:3 |     216 |       0 |   0.0 |      27 |       0 |   0.0
        D:4 |       4 |       0 |   0.0 |       2 |       0 |   0.0
        D:5 |     233 |       0 |   0.0 |       6 |       0 |   0.0
        D:6 |      72 |       0 |   0.0 |       1 |       0 |   0.0
        D:7 |      11 |       0 |   0.0 |       1 |       0 |   0.0
        D:8 |     289 |     907 |  75.8 |       4 |       5 |  55.6
            +---------+---------+-------+---------+---------+-------

Skill      XL: |  1  2  3  4  5  6  7  8 |
---------------+-------------------------+-----
Short Blades   | 3 4 5 6 7 8 |  8.0
Fighting       | 4 6 |  6.0
Armour         | |  1.5
Dodging        | |  1.5

Action                     |  1- 3 |  4- 6 |  7- 9 || total
---------------------------+-------+-------+-------++-------
  Melee: Short sword       |    44 |   148 |    50 ||   242
         Bite              |    12 |    37 |    11 ||    60
         Punch             |     1 |     3 |       ||     4
  Throw: Throwing net      |       |     1 |       ||     1
 Invoke: Berserk           |       |     5 |     1 ||     6
         Trog's Hand       |       |       |     2 ||     2
   Stab: Sleeping          |     1 |       |       ||     1
         Held in net/web   |       |     1 |       ||     1
 Armour: Animal skin       |     6 |    23 |       ||    29
         Ring mail         |       |     2 |     4 ||     6
  Dodge: Dodged            |    24 |    86 |    22 ||   132

Illustrated notes

Table legend:
 A = Kills in this place as a percentage of kills in the entire game.
 B = Kills by you in this place as a percentage of kills by you in the entire game.
 C = Kills by friends in this place as a percentage of kills by friends in the entire game.
 D = Other kills in this place as a percentage of other kills in the entire game.
 E = Experience gained in this place as a percentage of experience gained in the entire game.
 F = Experience gained in this place divided by the number of levels of this place that you have seen.
                   A       B       C       D       E      F
               +-------+-------+-------+-------+-------+----------------------
         Total | 100.0 | 100.0 |   N/A |   N/A | 100.0 | 225.5
       Dungeon | 100.0 | 100.0 |   N/A |   N/A | 100.0 | 225.5
               +-------+-------+-------+-------+-------+----------------------

Table legend: (Time is in decaauts)
 A = Elapsed time spent in this place.
 B = Non-inter-level travel time spent in this place.
 C = Inter-level travel time spent in this place.
 D = Time resting spent in this place.
 E = Time spent auto-exploring this place.
 F = Levels seen in this place.
 G = Mean time per level.
                   A        B        C        D        E       F      G
               +--------+--------+--------+--------+--------+-----+--------+
         Total |   1187 |   1120 |     67 |      0 |      0 |   8 |  148.4 |
       Dungeon |   1187 |   1120 |     67 |      0 |      0 |   8 |  148.4 |
               +--------+--------+--------+--------+--------+-----+--------+

Top non-repeatable levels by time:
     D:3: 411 daAuts
     D:2: 175 daAuts
     D:8: 171 daAuts
     D:5: 136 daAuts
     D:7: 106 daAuts
     D:4: 89 daAuts
     D:1: 50 daAuts
     D:6: 47 daAuts
